 Dungeon Crawl Stone Soup version 0.22.1-5-g62c59d919a (webtiles) character file.

93600 Gargoyl the Cleaver (level 15, -2/193 HPs)
             Began as a Centaur Abyssal Knight on Jan 10, 2019.
             Was an Elder of Lugonu.
             Slain by a wolf spider (6 damage)
             ... on level 3 of the Spider Nest.
             The game lasted 01:07:00 (50111 turns).

Gargoyl the Cleaver (Centaur Abyssal Knight)       Turns: 50111, Time: 01:07:01

Health: -2/193     AC: 31    Str: 29    XL:     15   Next: 61%
Magic:  24/24      EV:  7    Int: 11    God:    Lugonu [****..]
Gold:   561        SH:  7    Dex: 11    Spells: 14/14 levels left

rFire    + . .     SeeInvis .   r - +9 war axe
rCold    . . .     Gourm    .   u - +2 buckler
rNeg     . . .     Faith    .   M - +3 plate armour {rF+}
rPois    +         Spirit   .   U - +1 hat {MR+}
rElec    .         Reflect  .   w - +2 cloak
rCorr    .         Harm     .   e - +0 pair of gloves (curse)
MR       ++...     Clarity  +   T - +2 centaur barding {Stlth+}
Stlth    ..........             (no amulet)
HPRegen  0.42/turn              Q - +5 ring of strength
MPRegen  0.19/turn              A - ring of poison resistance

@: berserking, lethally poisoned (-2 -> -12), about to teleport, very quick
A: large, hooves 3, rugged brown scales 1, clarity, deformed body, speed 2,
tough skin 3
a: Depart the Abyss, Bend Space, Banish, Corrupt, Renounce Religion


You were on level 3 of the Spider Nest.
You worshipped Lugonu.
Lugonu was greatly pleased with you.
You were not hungry.

You visited 4 branches of the dungeon, and saw 26 of its levels.
You visited the Abyss 4 times.

You collected 3142 gold pieces.
You spent 2581 gold pieces at shops.

Inventory:

Hand Weapons
 a - a +1 hand axe
 r - a +9 war axe (weapon)
 C - a +1 hand axe of flaming
Missiles
 m - a javelin (quivered)
Armour
 e - a cursed +0 pair of gloves (worn)
 u - a +2 buckler (worn)
 w - a +2 cloak (worn)
 M - a +3 plate armour of fire resistance (worn)
 T - a +2 centaur barding of stealth (worn)
 U - a +1 hat of magic resistance (worn)
Jewellery
 l - an uncursed ring of protection from fire
 v - an uncursed ring of see invisible
 A - a ring of poison resistance (right hand)
 J - an uncursed ring of resist corrosion
 Q - a +5 ring of strength (left hand)
 R - an uncursed ring of protection from magic
Wands
 B - a wand of flame (52)
 E - a wand of random effects (30)
 F - a wand of paralysis (12)
 I - a wand of clouds (5)
 K - a wand of acid (15)
 L - a wand of polymorph (9)
 O - a wand of disintegration (9)
 P - a wand of iceblast (4)
Scrolls
 f - 7 scrolls of amnesia
 h - 9 scrolls of identify
 j - a scroll of holy word
 n - 7 scrolls of remove curse
 p - 14 scrolls of teleportation
 t - 4 scrolls of fear
 G - 3 scrolls of fog
 S - 2 scrolls of blinking
 V - a scroll of magic mapping
Potions
 b - 2 potions of resistance
 g - 5 potions of agility
 i - 2 potions of brilliance
 k - 5 potions of haste
 o - 2 potions of flight
 q - a potion of berserk rage
 s - 5 potions of lignification
 x - 6 potions of cancellation
 z - 3 potions of invisibility
 D - a potion of magic
 N - 3 potions of mutation
Miscellaneous
 y - a lightning rod (4/4)
Comestibles
 c - 22 rations


   Skills:
 + Level 9.9 Fighting
 + Level 13.2 Axes
 + Level 1.1 Throwing
 * Level 11.4 Armour
 * Level 8.7 Dodging
 + Level 4.8 Shields
 * Level 12.8 Invocations
 + Level 1.0 Evocations


You had 14 spell levels left.
You didn't know any spells.
Your spell library contained the following spells:

 Spells                   Type           Power        Failure   Level  Hunger
 Animate Skeleton         Necr           N/A          94%         1    ##.....
 Apportation              Tloc           #.....       94%         1    ##.....
 Confusing Touch          Hex            #.....       94%         1    ##.....
 Corona                   Hex            #......      94%         1    ##.....
 Infusion                 Chrm           #...         94%         1    ##.....
 Magic Dart               Conj           #...         94%         1    ##.....
 Pain                     Necr           #...         94%         1    ##.....
 Summon Butterflies       Summ           #.......     94%         1    ##.....
 Blink                    Tloc           N/A          98%         2    ###....
 Call Imp                 Summ           #.......     98%         2    ###....
 Ensorcelled Hibernation  Hex/Ice        #.....       98%         2    ###....
 Shroud of Golubria       Chrm/Tloc      #.........   98%         2    ###....
 Slow                     Hex            #.......     98%         2    ###....
 Song of Slaying          Chrm           #.......     98%         2    ###....
 Confuse                  Hex            #.......     100%        3    ####...
 Conjure Flame            Conj/Fire      #.......     100%        3    ####...
 Dazzling Spray           Conj/Hex       #.....       100%        3    ####...
 Gell's Gravitas          Tloc           #.........   100%        3    ####...
 Lesser Beckoning         Tloc           #.........   100%        3    ####...
 Mephitic Cloud           Conj/Pois/Air  #.......     100%        3    ####...
 Regeneration             Chrm/Necr      #.........   100%        3    ####...
 Spectral Weapon          Hex/Chrm       #.......     100%        3    ####...
 Tukima's Dance           Hex            #.......     100%        3    ####...
 Vampiric Draining        Necr           #.........   100%        3    ####...
 Animate Dead             Necr           N/A          100%        4    #####..
 Petrify                  Tmut/Erth      #.......     100%        4    #####..
 Alistair's Intoxication  Tmut/Pois      #.......     100%        5    ######.
 Metabolic Englaciation   Hex/Ice        #.........   100%        5    ######.
 Yara's Violent Unravell  Hex/Tmut       #.........   100%        5    ######.
 Invisibility             Hex            #.......     100%        6    #######


Dungeon Overview and Level Annotations

Branches:
Dungeon (15/15)            Temple (0/1) D:7            Lair (6/6) D:10
 Shoals (0/4) Lair:2       Spider (3/4) Lair:4        Slime (0/5) Lair:5
    Orc (2/2) D:11            Elf (0/3) Orc:2        Vaults (0/5) D:13
 Depths (0/5) D:15

Altars:
Ashenzari
Fedhas
Sif Muna
Beogh
Jiyva

Shops:
D:4 =   D:11 [   D:12 [   Orc:1 =?::}   Orc:2 =[[*

Annotations:
D:12 3 runed doors, Peloso's ghost, journeyman MiFi
Lair:2 exclusion: 2 oklob plants
Lair:4 1 runed door, Ryaria's ghost, journeyman HaHu
Abyss:1 Gastronok


Innate Abilities, Weirdness & Mutations

You have hooves in place of feet.
Armour fits poorly on your strangely shaped body.
You cover ground very quickly.
You have extremely tough skin. (AC +3)
You are partially covered in rugged brown scales. (AC +1, +3% HP)
You possess an exceptional clarity of mind.


Message History

* * * LOW HITPOINT WARNING * * *
The wolf spider barely misses you. The wolf spider bites you!
* * * LOW HITPOINT WARNING * * *
The wolf spider closely misses you.
The wolf spider bites you but does no damage.
You block the wolf spider's attack.
The wolf spider bites you but does no damage.
The demonic crawler hits you but does no damage. x3
A red film seems to cover your vision as you go berserk!
You feel yourself moving faster!
You feel mighty!
* * * LOW HITPOINT WARNING * * *
You feel sick.
The wolf spider hits you but does no damage.
The wolf spider closely misses you. The wolf spider hits you.
* * * LOW HITPOINT WARNING * * *
The wolf spider bites you but does no damage.
You block the wolf spider's attack.
The wolf spider bites you but does no damage.
The wolf spider hits you.
You die...

.#.... #....
.%..#..#....
#.#...#....##..#
##...#......#..
##.#.....$..#...
##>#....#^#.....#
#..^........#..#
#.^.#.#sss..###
#..#.#..@s#...#
#.........†#..#
##.#^.#..^...#
#### .
###...^#†##..###
##..#####.
#.....#.†#....#
##.#...#>.#
^.#..........#
#.....^....
#.#.#......##
#......#..#
...#.....^.#
#^....^#..#
..##.#..#...^##
#......#..


You could see a demonic crawler and 3 wolf spiders.

Vanquished Creatures
  Arachne (Spider:1)
  A fire giant (D:15)
  Louise (D:15)
  A fire dragon (Lair:6)
  7 vault guards (D:13)
  A centaur warrior (D:13)
  7 two-headed ogres
  A tengu warrior (D:15)
  Nergalle (Lair:3)
  The ghost of matti1234 the Covert, a novice OpWr of Gozag (D:8)
  Sonja (D:10)
  4 unseen horrors
  A large abomination (Abyss:3)
  5 orb spiders
  An orc knight (Orc:1)
  A lindwurm (Lair:6)
  9 wolf spiders
  5 ugly things
  8 orc sorcerers
  2 manticores (D:15)
  5 cyclopes
  3 elephants (Lair:6)
  Maurice (Orc:1)
  7 black mambas
  A merfolk siren (Lair:2)
  A molten gargoyle (Lair:6)
  2 centaur skeletons
  9 spiny frogs
  A rime drake (Lair:4)
  A gargoyle (D:15)
  8 demonic crawlers
  A freezing wraith (D:15)
  10 komodo dragons
  17 jumping spiders
  6 trolls
  A polar bear (Lair:2)
  4 hippogriffs
  A slime creature (D:11)
  A hornet (Spider:1)
  A centaur simulacrum (D:14)
  Sigmund (D:6)
  9 tarantellas
  6 wyverns
  A wraith (D:13)
  8 basilisks
  30 redbacks
  A yak (shapeshifter) (D:12)
  58 yaks
  A steam dragon (Lair:6)
  A vampire (D:11)
  2 vampire mosquitoes (D:12)
  2 hungry ghosts
  7 wargs
  3 hell hounds (Lair:6)
  17 water moccasins
  10 orc warriors
  15 porcupines
  4 sky beasts
  A black bear (D:10)
  4 phantoms
  2 ice beasts
  6 wolves
  2 eyes of draining (D:13)
  A necrophage (D:10)
  A small abomination (Abyss:1)
  9 ogres
  3 crocodiles
  9 centaurs
  8 big kobolds
  12 bullfrogs
  2 wyvern zombies (D:13)
  12 scorpions
  9 killer bees
  5 wights (D:9)
  A howler monkey (D:4)
  7 crimson imps
  2 bullfrog zombies
  5 lava snakes (Lair:6)
  4 centaur zombies
  3 hounds
  5 jellies
  10 orc priests
  Crazy Yiuf (D:6)
  40 orc wizards
  An iron imp (Abyss:1)
  Jessica (D:2)
  A gnoll shaman (Orc:1)
  Terence (D:2)
  14 iguanas
  11 worker ants
  A hound skeleton (D:4)
  Robin (D:2)
  15 adders
  5 gnolls (Orc:1)
  A river rat (D:6)
  2 shadow imps
  12 white imps
  8 oozes
  An adder skeleton (D:7)
  6 worms
  A dart slug (D:3)
  6 leopard geckos
  88 orcs
  9 giant cockroaches
  13 goblins
  20 hobgoblins
  13 jackals
  3 quokkas
  3 ball pythons
  7 bats
  6 frilled lizards
  2 jackal skeletons
  48 kobolds
  A quokka zombie (D:7)
  8 rats
  A fungus (Lair:5)
  4 plants
794 creatures vanquished.

Vanquished Creatures (others)
  A stone giant (Orc:2)
  An entropy weaver (Spider:1)
  5 hydras
  A molten gargoyle (Lair:6)
  2 komodo dragons
  A jumping spider (Spider:2)
  A yak (Lair:3)
  A porcupine (D:10)
  An orc warrior (D:8)
  An orc wizard (Orc:1)
  An orc (Orc:2)
  4 fungi
  7 plants
27 creatures vanquished.

Grand Total: 821 creatures vanquished

Notes
Turn   | Place    | Note
-------+----------+-------------------------------------------
     0 | Abyss:1  | Gargoyl the Centaur Abyssal Knight began the quest for the
                  | Orb.
     0 | Abyss:1  | Reached XP level 1. HP: 19/19 MP: 2/2
   141 | Abyss:1  | Noticed an iron imp
   143 | Abyss:1  | Found a corrupted altar of Lugonu.
   201 | Abyss:1  | Noticed an efreet
   203 | D:1      | Escaped the Abyss
   281 | D:1      | Reached * piety under Lugonu
   304 | D:1      | Reached XP level 2. HP: 21/26 MP: 3/3
   878 | D:1      | Reached skill level 2 in Axes
   942 | D:1      | Reached XP level 3. HP: 31/31 MP: 4/4
  1047 | D:1      | Reached skill level 1 in Dodging
  1271 | D:2      | Noticed Terence
  1281 | D:2      | Killed Terence
  1435 | D:2      | Reached XP level 4. HP: 33/38 MP: 5/5
  1451 | D:2      | Noticed Robin
  1454 | D:2      | Reached ** piety under Lugonu
  1477 | D:2      | Killed Robin
  1738 | D:2      | Noticed Jessica
  1745 | D:2      | Killed Jessica
  2014 | D:2      | Reached XP level 5. HP: 23/45 MP: 7/7
  2486 | D:3      | Reached *** piety under Lugonu
  2490 | D:3      | Reached skill level 3 in Axes
  2868 | D:3      | Reached XP level 6. HP: 18/52 MP: 8/8
  3928 | D:4      | Reached XP level 7. HP: 49/58 MP: 8/10
  4114 | D:4      | Reached skill level 4 in Axes
  4141 | D:4      | Found a shattered altar of Ashenzari.
  4457 | D:4      | Reached skill level 5 in Invocations
  4711 | D:4      | Found Anguyluri's Jewellery Shop.
  5261 | D:5      | Entered Level 5 of the Dungeon
  5607 | D:5      | Reached **** piety under Lugonu
  5643 | D:5      | HP: 1/59 [kobold/dagger of electrocution (8)]
  6471 | D:5      | Reached XP level 8. HP: 35/66 MP: 11/11
  6517 | D:5      | Gained mutation: You are partially covered in rugged brown
                  | scales. (AC +1, +3% HP) [potion of mutation]
  6517 | D:5      | Gained mutation: You possess an exceptional clarity of
                  | mind. [potion of mutation]
  6539 | D:5      | Reached skill level 5 in Axes
  7514 | D:6      | Noticed Sigmund
  7531 | D:6      | Killed Sigmund
  8049 | D:6      | Found a runed door.
  8464 | D:6      | Reached skill level 6 in Axes
  8758 | D:6      | Reached ***** piety under Lugonu
  9149 | D:6      | Noticed Crazy Yiuf
  9156 | D:6      | Killed Crazy Yiuf
  9522 | D:7      | Reached XP level 9. HP: 68/75 MP: 13/13
 10052 | D:7      | Found a staircase to the Ecumenical Temple.
 10288 | D:7      | Found a deep blue altar of Sif Muna.
 10312 | D:7      | Reached skill level 5 in Armour
 10390 | D:7      | Reached skill level 5 in Fighting
 10617 | D:8      | Reached skill level 7 in Axes
 11302 | D:8      | Found a runed door.
 11302 | D:8      | Noticed matti1234's ghost (novice OpWr)
 11418 | D:8      | Killed matti1234's ghost
 11598 | D:9      | Reached XP level 10. HP: 83/83 MP: 15/15
 11626 | D:9      | Reached skill level 8 in Axes
 11778 | D:9      | Reached skill level 1 in Shields
 12895 | D:10     | Entered Level 10 of the Dungeon
 12936 | D:10     | Noticed Sonja
 13976 | D:10     | Noticed an unseen horror
 14352 | D:10     | Killed an unseen horror
 15289 | D:10     | Killed Sonja
 15315 | D:10     | Found a staircase to the Lair.
 15389 | D:10     | Reached XP level 11. HP: 82/91 MP: 17/17
 15936 | Lair:1   | Entered Level 1 of the Lair of Beasts
 16221 | Lair:1   | Noticed Gastronok
 16250 | Lair:1   | HP: 1/91 [Gastronok/the air (11)]
 16257 | Lair:1   | Banished Gastronok
 16257 | Lair:1   | Reached skill level 9 in Axes
 16257 | Lair:1   | Reached skill level 1 in Throwing
 16257 | Lair:1   | Reached skill level 5 in Dodging
 16620 | Lair:1   | Reached skill level 1 in Evocations
 19197 | Lair:2   | Noticed an eight-headed hydra
 19200 | Lair:2   | Banished an eight-headed hydra
 19811 | Lair:2   | Noticed an oklob plant
 19840 | Lair:2   | Found a staircase to the Shoals.
 19848 | Lair:2   | HP: 2/93 [komodo dragon (18)]
 20403 | Lair:2   | Found a blossoming altar of Fedhas.
 20424 | Lair:2   | Noticed an oklob plant
 20865 | Lair:3   | Noticed Nergalle
 21031 | Lair:2   | Reached XP level 12. HP: 35/99 MP: 18/18
 21568 | Lair:3   | Killed Nergalle
 21568 | Lair:3   | Reached skill level 10 in Axes
 21874 | Lair:3   | HP: 5/103 [poisoned by a black mamba]
 21879 | Lair:3   | HP: 4/103 [poisoned by a black mamba]
 21885 | Lair:3   | HP: 3/103 [poisoned by a black mamba]
 21893 | Lair:3   | HP: 4/103 [poisoned by a black mamba]
 23664 | Lair:4   | Found a frozen archway.
 25078 | Lair:4   | Reached skill level 10 in Invocations
 25590 | Lair:4   | Found a hole to the Spider Nest.
 25877 | Lair:4   | Found a runed door.
 25878 | Lair:4   | Noticed Ryaria's ghost (journeyman HaHu)
 26503 | Lair:5   | Got a bloodstained spear
 26504 | Lair:5   | Identified the cursed +1 spear "Heol" {pierce, Dex+4} (You
                  | found it on level 5 of the Lair of Beasts)
 27534 | Lair:5   | Found a viscous altar of Jiyva.
 27535 | Lair:5   | Found a staircase to the Slime Pits.
 27643 | Lair:6   | Entered Level 6 of the Lair of Beasts
 28038 | Lair:6   | Noticed a four-headed hydra
 28131 | Lair:6   | Reached XP level 13. HP: 87/110 MP: 20/20
 28867 | Lair:6   | Noticed a fire dragon
 28874 | Lair:6   | Found a large runed door.
 28914 | Lair:6   | Found a large runed door.
 30096 | Lair:6   | Reached skill level 11 in Axes
 30563 | Lair:6   | Killed a fire dragon
 32022 | D:11     | Found a staircase to the Orcish Mines.
 32025 | D:11     | Found Ruyhuz's Armour Shoppe.
 32058 | D:11     | Bought a +2 plate armour of fire resistance for 640 gold
                  | pieces
 33293 | D:12     | Noticed an ettin
 33295 | D:12     | Found a runed gate.
 33295 | D:12     | Noticed Peloso's ghost (journeyman MiFi)
 33296 | D:12     | Found a runed gate.
 33297 | D:12     | Found a runed gate.
 33997 | D:12     | Reached ****** piety under Lugonu
 34365 | D:12     | Found Riddoloaq's Antique Armour Shoppe.
 34368 | D:12     | Bought a dazzling chain mail for 285 gold pieces
 34383 | D:12     | Identified the +1 chain mail of Ru's Hope {rPois rF- Dex+3}
                  | (You bought it in a shop on level 12 of the Dungeon)
 35590 | D:13     | Reached XP level 14. HP: 80/119 MP: 22/22
 35868 | D:13     | Reached skill level 10 in Armour
 36260 | D:13     | Found a gate to the Vaults.
 36342 | D:13     | Reached skill level 12 in Axes
 37909 | D:14     | Got a pitted leather armour
 37920 | D:14     | Identified the +2 leather armour of the Blind Marksman
                  | {-Cast rElec Regen+ Dex+5} (You found it on level 14 of the
                  | Dungeon)
 38563 | D:15     | Entered Level 15 of the Dungeon
 38942 | D:15     | Noticed Louise
 38966 | D:15     | Cast into level 3 of the Abyss (Louise)
 39006 | Abyss:3  | Noticed an Executioner
 39008 | D:15     | Escaped the Abyss
 39341 | D:15     | Cast into level 3 of the Abyss (Louise)
 39341 | Abyss:3  | Found a corrupted altar of Lugonu.
 39410 | Abyss:3  | Noticed a starcursed mass
 39424 | Abyss:3  | Noticed a tentacled starspawn
 39425 | D:15     | Escaped the Abyss
 39815 | D:15     | Killed Louise
 40331 | D:15     | Found a staircase to the Depths.
 40332 | D:15     | Noticed a fire giant
 40347 | D:15     | Killed a fire giant
 40949 | Orc:1    | Entered Level 1 of the Orcish Mines
 41123 | Orc:2    | Entered Level 2 of the Orcish Mines
 41414 | Orc:1    | Found Foseroo's Jewellery Emporium.
 41517 | Orc:1    | Noticed Maurice
 41536 | Orc:1    | Killed Maurice
 41604 | Orc:1    | Found Qason's Book Shoppe.
 41610 | Orc:1    | Found Tanueb's Book Shop.
 41668 | Orc:1    | Bought a +5 ring of strength for 494 gold pieces
 41697 | Orc:1    | Found Zearpheikh's Magic Scroll Shop.
 41705 | Orc:1    | Bought a scroll of enchant armour for 135 gold pieces
 41705 | Orc:1    | Bought a scroll of teleportation for 54 gold pieces
 41705 | Orc:1    | Bought a scroll of teleportation for 54 gold pieces
 41705 | Orc:1    | Bought a scroll of teleportation for 54 gold pieces
 41705 | Orc:1    | Bought a scroll of blinking for 135 gold pieces
 41843 | Orc:2    | Noticed a stone giant
 41870 | Orc:2    | HP: 4/121 [stone giant (17)]
 41873 | Orc:2    | Banished a stone giant
 42365 | Orc:2    | Found a staircase to the Elven Halls.
 42445 | Orc:2    | Paralysed by an orc sorcerer for 7 turns
 43176 | Orc:2    | Paralysed by an orc sorcerer for 6 turns
 43279 | Orc:2    | Found Jejodd's Jewellery Shoppe.
 43279 | Orc:2    | Found Beneyxav's Armour Boutique.
 43440 | Orc:1    | Found Nayfo's Gadget Emporium.
 43459 | Orc:1    | Paralysed by an orc sorcerer for 2 turns
 43784 | Orc:2    | Found a roughly hewn altar of Beogh.
 43827 | Orc:2    | Found Biboom's Armour Shoppe.
 43827 | Orc:2    | Found Cohu's Assorted Antiques.
 43937 | Orc:2    | Bought a +2 centaur barding of stealth for 520 gold pieces
 43942 | Orc:2    | Bought a +0 hat of magic resistance for 143 gold pieces
 43961 | Orc:2    | Bought a cursed +0 pair of gloves for 45 gold pieces
 43978 | Orc:2    | Bought a scroll labeled DUDAUL QITOIM for 22 gold pieces
 44766 | Spider:1 | Entered Level 1 of the Spider Nest
 44771 | Spider:1 | Noticed an entropy weaver
 44951 | Spider:1 | Banished an entropy weaver
 44951 | Spider:1 | Reached XP level 15. HP: 107/128 MP: 7/24
 45199 | Spider:1 | You fall through a shaft!
 45924 | Spider:2 | Noticed Arachne
 46417 | Spider:1 | Killed Arachne
 46946 | Spider:2 | Reached skill level 13 in Axes
 47751 | Spider:2 | HP: 4/129 [emperor scorpion (10)]
 49775 | Spider:3 | Escaped the Abyss
 50111 | Spider:3 | HP: 9/193 [poisoned by a wolf spider]
 50111 | Spider:3 | HP: 4/193 [wolf spider (5)]
 50111 | Spider:3 | Slain by a wolf spider

Skill      XL: |  1  2  3  4  5  6  7  8  9 10 11 12 13 14 15 |
---------------+----------------------------------------------+-----
Axes           | 2 3 4 6 7 8 9 10 11 12 13 | 13.2
Dodging        | 1 2 3 4 5 6 7 8 |  8.7
Armour         | 2 3 4 5 6 7 9 10 11 | 11.4
Invocations    | 3 4 5 6 7 8 9 10 11 12 | 12.8
Fighting       | 4 5 6 7 8 9 |  9.9
Shields        | 1 2 3 4 |  4.8
Throwing       | 1 |  1.1
Evocations     | 1 |  1.0

Action                   |  1- 3 |  4- 6 |  7- 9 | 10-12 | 13-15 || total
-------------------------+-------+-------+-------+-------+-------++-------
Melee: Hand axe          |    89 |   161 |       |       |       ||   250
       Kick              |    13 |    45 |    92 |   282 |   411 ||   843
       War axe           |       |    39 |   433 |  1021 |  1451 ||  2944
Throw: Javelin           |       |       |     1 |    20 |     2 ||    23
Invok: Depart the Abyss  |     1 |       |       |       |     3 ||     4
       Bend Space        |       |       |     1 |     2 |     3 ||     6
       Banish            |       |       |       |    11 |    17 ||    28
       Enter the Abyss   |       |       |       |       |     1 ||     1
Evoke: Wand              |       |     3 |     3 |     8 |       ||    14
       Lightning rod     |       |       |       |     7 |       ||     7
       Phantom mirror    |       |       |       |     1 |       ||     1
  Use: Scroll            |     2 |     3 |    12 |    19 |    11 ||    47
       Potion            |       |     1 |     5 |     3 |    12 ||    21
 Stab: Confused          |       |       |       |     1 |       ||     1
  Eat: Chunk             |       |     8 |    10 |    29 |    18 ||    65
       Ration            |       |       |     5 |     6 |    16 ||    27
Armor: Leather armour    |    47 |       |       |       |       ||    47
       Ring mail         |     8 |    99 |   238 |     8 |       ||   353
       Chain mail        |       |       |       |   130 |       ||   130
       Plate armour      |       |       |       |   620 |  1325 ||  1945
Dodge: Dodged            |    43 |    72 |   181 |   243 |   439 ||   978
Block: Buckler           |       |       |    46 |   299 |   529 ||   874
